 Dungeon Sprint DCSS version 0.25-a0-571-gb5e01bddfa (webtiles) character file.

Game seed: 6302737799041344530, levelgen mode: deterministic

3496 Baz the Arsonist (level 10, -16/64 HPs)
             Began as a Gargoyle Fire Elementalist on Feb 29, 2020.
             Was a High Priest of Vehumet.
             Killed from afar by a hellion (40 damage)
             ... with damnation
             ... in the Dungeon (Sprint V: "Ziggurat Sprint").
             The game lasted 00:06:02 (668 turns).

Baz the Arsonist (Gargoyle Fire Elementalist)        Turns: 668, Time: 00:06:03

Health: -16/64     AC: 16    Str: 13    XL:     10   Next: 7%
Magic:  15/30      EV: 12    Int: 36    God:    Vehumet [*****.]
Gold:   0          SH:  0    Dex: 10    Spells: 5/29 levels left

rFire    + . .     SeeInvis .   G - +6 Majin-Bo {vamp, Archmagi MP+6 Int+6}
rCold    . . .     Gourm    .   (shield currently unavailable)
rNeg     + . .     Faith    .   P - +3 ring mail {rF+}
rPois    ∞         Spirit   .   (no helmet)
rElec    +         Reflect  .   (no cloak)
rCorr    .         Harm     .   (no gloves)
MR       .....     NoTele   +   (no boots)
Stlth    ++........             (no amulet)
HPRegen  0.20/turn              y - +6 ring of intelligence
MPRegen  0.22/turn              x - +6 ring of intelligence

@: no status effects
A: negative energy resistance 1, electricity resistance, unbreathing,
petrification resistance, rot immunity, AC +7
a: Renounce Religion


You were in the Dungeon.
You worshipped Vehumet.
Vehumet was extremely pleased with you.
You were hungry.

You visited 1 branch

Inventory:

Hand Weapons
 G - the +6 Majin-Bo (weapon) {vamp, Archmagi MP+6 Int+6}
   (You found it in the Dungeon)

   It inflicts no extra harm, but heals its wielder when it wounds a living foe.
   It affects your intelligence (+6).
   It affects your magic capacity (+6).
 N - a +5 quick blade
 O - the +4 broad axe of Sielush {freeze, *Corrode rF+++ Dex+2}
   (You found it in the Dungeon)

   It has been specially enchanted to freeze those struck by it, causing extra
   injury to most foes and up to half again as much damage against particularly
   susceptible opponents.
   It can also slow down cold-blooded creatures.
   It affects your dexterity (+2).
   It renders you almost immune to fire.
   It may corrode you when you take damage.
Armour
 a - a +0 robe
 H - a +3 buckler
 I - a +3 kite shield
 J - a +3 tower shield
 K - +5 fire dragon scales
 L - +5 gold dragon scales
 M - +5 shadow dragon scales
 P - a +3 ring mail of fire resistance (worn)
Magical Staves
 E - an uncursed staff of energy
Jewellery
 l - a +5 ring of slaying
 u - an uncursed ring of flight
 v - a +6 ring of dexterity
 w - a +6 ring of dexterity
 x - a +6 ring of intelligence (right hand)
 y - a +6 ring of intelligence (left hand)
 z - a +6 ring of strength
 A - a +6 ring of strength
 C - an uncursed ring of magical power
Wands
 B - a wand of disintegration (7)
 D - a wand of acid (4)
Scrolls
 i - a scroll of blinking
 o - 4 scrolls of amnesia
 p - 7 scrolls of fog
 q - a scroll of holy word
 r - 5 scrolls of identify
 s - 5 scrolls of remove curse
 t - 2 scrolls of fear
Potions
 b - 2 potions of brilliance
 d - 10 potions of curing
 e - 5 potions of heal wounds
 f - 6 potions of haste
 g - 7 potions of magic
 h - 3 potions of berserk rage
 j - 2 potions of invisibility
 k - 4 potions of resistance
 m - 5 potions of stabbing
 n - 5 potions of might
Miscellaneous
 F - a crystal ball of energy
Comestibles
 c - 7 rations
 Q - 4 chunks of flesh


   Skills:
 + Level 8.2 Fighting
 + Level 7.8 Armour
 - Level 4.5 Dodging
 - Level 5.5 Stealth
 + Level 10.0 Spellcasting
 + Level 9.8 Conjurations
 - Level 11.4 Fire Magic
 + Level 8.9 Earth Magic
 - Level 2.3 Evocations


You had 5 spell levels left.
You knew the following spells:

 Your Spells              Type           Power        Failure   Level  Hunger
a - Foxfire               Conj/Fire      ####         1%          1    None
b - Fireball              Conj/Fire      #######...   1%          5    ##.....
c - Sticky Flame          Conj/Fire      #######.     1%          4    None
d - Conjure Flame         Conj/Fire      #######.     1%          3    None
e - Bolt of Magma         Conj/Fire/Erth #######...   1%          5    ##.....
f - Iron Shot             Conj/Erth      #######...   4%          6    ####...

Your spell library contained the following spells:

 Spells                   Type           Power        Failure   Level  Hunger
 Shock                    Conj/Air       ####         1%          1    None
 Inner Flame              Hex/Fire       ######..     1%          3    None
 Mephitic Cloud           Conj/Pois/Air  ######..     1%          3    None
 Frozen Ramparts          Ice            ####..       3%          3    None
 Iskenderun's Battlesphe  Conj/Chrm      ######..     4%          5    ##.....
 Poisonous Vapours        Pois/Air       ####..       7%          2    None
 Summon Ice Beast         Ice/Summ       ####....     41%         4    None
 Orb of Destruction       Conj           #######...   17%         7    ######.
 Freezing Cloud           Conj/Ice/Air   ######....   41%         6    ####...
 Spellforged Servitor     Conj/Summ      ######....   73%         7    ######.
 Ring of Flames           Chrm/Fire      ######....   98%         7    ######.


Dungeon Overview and Level Annotations

Branches:
Dungeon (1/1)

Altars:
Ashenzari
Cheibriados
Dithmenos
Elyvilon
Fedhas
Gozag
Hepliaklqana
Kikubaaqudgha
Makhleb
Nemelex Xobeh
Okawaru
Qazlal
Ru
Sif Muna
Trog
Uskayaw
Vehumet
Wu Jian
Xom
Yredelemnul
Zin
The Shining One
Beogh
Jiyva
Lugonu


Innate Abilities, Weirdness & Mutations

You are resistant to torment.
Your stone body is resilient. (AC +7)
You are immune to poison.
You resist negative energy. (rN+)
You are resistant to electric shocks. (rElec)
You can survive without breathing.
You are immune to petrification.
You are immune to rotting.


Message History

Aiming: Fireball (safe; 1% risk of failure)
Press: ? - help, Shift-Dir - straight line You feel a surge of power!
The fireball explodes!
The fireball engulfs the hellion!
The hellion is moderately wounded.
The fireball engulfs the iron imp.
The iron imp completely resists.
You are feeling hungry.
The hellion gestures at you.
The sphere of damnation explodes!
The damnation engulfs you!!
* * * LOW HITPOINT WARNING * * *
The iron imp grinds its teeth.
Unknown command.
Unknown command.
Unknown command.
Unknown command.
You feel much better. The hellion gestures at you.
The sphere of damnation explodes!
The damnation engulfs you!!!
Ouch! That really hurt!
You die...

▓..})...▓
▓..).}..▓
▓..2....▓
▓.......▓
▓.......▓
▓.555...▓
▓.▓...▓.▓
▓..@©...▓
▓▓▓▓▓▓▓▓▓


You could see a hellion, 2 iron imps and a crimson imp.

Vanquished Creatures
  An ironheart preserver (D)
  A fire dragon (D)
  A shadow wraith (D)
  An ugly thing (D)
  A vault sentinel (D)
  A floating eye (D)
  An ice beast (D)
  An ogre (shapeshifter) (D)
  A tengu (shapeshifter) (D)
  A bullfrog (D)
  A quasit (D)
  2 jellies (D)
  A river rat (D)
  2 white imps (D)
  An ufetubus (D)
  2 jackals (D)
  A ball python simulacrum (D)
20 creatures vanquished.

Vanquished Creatures (others)
  Gastronok (D)
  Grinder (D)
  10 foxfires (D)
12 creatures vanquished.

Grand Total: 32 creatures vanquished

Notes
Turn   | Place    | Note
-------+----------+-------------------------------------------
     0 | D        | Baz the Gargoyle Fire Elementalist began the quest for the
                  | Orb.
     0 | D        | Reached XP level 1. HP: 10/10 MP: 3/3
     0 | D        | Found a shimmering blue altar of Sif Muna.
     0 | D        | Found a bloodstained altar of Trog.
     0 | D        | Found a sacrificial altar of Ru.
     0 | D        | Found a stormy altar of Qazlal.
     0 | D        | Found an iron altar of Okawaru.
     1 | D        | Found a sparkling altar of Nemelex Xobeh.
     1 | D        | Found a blossoming altar of Fedhas.
     2 | D        | Found the +6 Majin-Bo {vamp, Archmagi MP+6 Int+6}
     2 | D        | Found the +7 great mace "Firestarter" {inner flame, rF++}
     3 | D        | Found a transporter.
     3 | D        | Found an ancient bone altar of Kikubaaqudgha.
     3 | D        | Found a viscous altar of Jiyva.
     3 | D        | Found a corrupted altar of Lugonu.
     3 | D        | Found a hazy altar of Hepliaklqana.
     3 | D        | Found a burning altar of Makhleb.
     3 | D        | Found an opulent altar of Gozag.
    28 | D        | Found the +9 heavy crossbow "Sniper" {vorpal, Acc+∞ SInv}
    28 | D        | Found the +10 dark maul {vorpal}
    28 | D        | Found the +15 Maxwell's patent armour {-Cast -Tele rElec
                  | MR+ rCorr}
    28 | D        | Found the +18 shield of the Gong {rElec rN+ MR+ EV-5}
    28 | D        | Found the cursed +14 obsidian axe {vorpal, +Fly SInv
                  | *Curse}
    71 | D        | Became a worshipper of Vehumet
    85 | D        | Found the +6 shillelagh "Devastator" {shatter}
    85 | D        | Found the +11 plutonium sword {*Contam Stlth-}
    85 | D        | Found the +8 lance "Wyrmbane" {slay drac, rPois rF+ rC+
                  | AC+3}
    85 | D        | Found the +9 sword of Zonguldrok {reap}
    85 | D        | Found the cursed +13 scythe of Curses {drain, *Curse}
    85 | D        | Found the +0 sword of Power
    85 | D        | Found the +7 mace of Variability {chain chaos}
    85 | D        | Found the +7 Singing Sword {vorpal, sonic wave}
    85 | D        | Found the +8 storm bow {elec, penet}
    87 | D        | Reached skill level 5 in Fire Magic
    87 | D        | Reached XP level 2. HP: 15/15 MP: 4/7
   168 | D        | Entered arena 2.
   168 | D        | Noticed an ogre
   168 | D        | Noticed a green ugly thing
   168 | D        | Found a transporter.
   175 | D        | Killed an ogre
   175 | D        | Reached skill level 5 in Spellcasting
   175 | D        | Reached skill level 7 in Fire Magic
   175 | D        | Reached XP level 3. HP: 4/19 MP: 9/9
   175 | D        | Reached XP level 4. HP: 5/24 MP: 11/11
   187 | D        | Killed a green ugly thing
   187 | D        | Reached skill level 5 in Stealth
   187 | D        | Reached skill level 5 in Conjurations
   187 | D        | Reached skill level 10 in Fire Magic
   187 | D        | Reached XP level 5. HP: 17/28 MP: 11/14
   187 | D        | Reached XP level 6. HP: 20/33 MP: 11/15
   187 | D        | Reached XP level 7. HP: 23/37 MP: 12/17
   307 | D        | Learned a level 5 spell: Fireball
   312 | D        | Learned a level 4 spell: Sticky Flame
   316 | D        | Learned a level 3 spell: Conjure Flame
   326 | D        | Entered arena 3.
   326 | D        | Found a transporter.
   327 | D        | Reached * piety under Vehumet
   327 | D        | Offered knowledge of Freeze by Vehumet.
   327 | D        | Reached skill level 11 in Fire Magic
   340 | D        | Learned a level 5 spell: Bolt of Magma
   369 | D        | Entered arena 4.
   369 | D        | Found a transporter.
   370 | D        | Reached ** piety under Vehumet
   370 | D        | Reached skill level 1 in Earth Magic
   381 | D        | Got the +4 broad axe of Sielush {freeze, *Corrode rF+++
                  | Dex+2}
   407 | D        | Entered arena 5.
   407 | D        | Found a transporter.
   408 | D        | Reached *** piety under Vehumet
   408 | D        | Reached skill level 1 in Armour
   492 | D        | Killed Gastronok
   525 | D        | Entered arena 6.
   525 | D        | Noticed a fire dragon
   525 | D        | Noticed an ironheart preserver
   525 | D        | Noticed a vault sentinel
   525 | D        | Noticed a soldier ant
   525 | D        | a soldier ant changed into a tengu
   525 | D        | Found a transporter.
   526 | D        | Offered knowledge of Shock by Vehumet.
   526 | D        | Reached **** piety under Vehumet
   526 | D        | Reached XP level 8. HP: 46/46 MP: 19/19
   528 | D        | Killed a vault sentinel
   528 | D        | Killed a shadow wraith
   528 | D        | Reached skill level 5 in Fighting
   528 | D        | Reached skill level 5 in Armour
   528 | D        | Reached XP level 9. HP: 44/55 MP: 17/21
   531 | D        | Killed an ironheart preserver
   537 | D        | Killed a fire dragon
   537 | D        | Reached ***** piety under Vehumet
   537 | D        | Reached skill level 10 in Spellcasting
   537 | D        | Reached XP level 10. HP: 49/64 MP: 5/24
   568 | D        | Killed Grinder
   610 | D        | Got Foisepu's Catalogue of the Hurtful Snowflakes
   620 | D        | Learned a level 6 spell: Iron Shot
   662 | D        | Entered arena 7.
   662 | D        | Noticed a hellion
   663 | D        | Identified the +9 hand crossbow of the Harvest {elec, MR+}
   668 | D        | Killed from afar by a hellion

Levels and vault maps discovered:
D:        sprint_v [room_start, room_1, room_2, room_3, room_4, room_5, room_6,
          room_7, room_8, room_9, room_10, room_11, room_12, room_13, room_14,
          room_15, room_16, room_17, room_18, room_19, room_20, room_21,
          room_22, room_23, room_24, room_25, room_26, room_27]

Skill      XL: |  1  2  3  4  5  6  7  8  9 |
---------------+----------------------------+-----
Spellcasting   | 4 5 6 7 8 10 | 10.0
Conjurations   | 4 5 6 7 9 |  9.8
Fire Magic     | 5 7 10 11 | 11.4
Dodging        | 2 4 |  4.5
Stealth        | 3 5 |  5.5
Evocations     | 2 |  2.3
Fighting       | 3 5 8 |  8.2
Earth Magic    | 3 6 8 |  8.9
Armour         | 1 5 7 |  7.8

Action                   |  1- 3 |  4- 6 |  7- 9 | 10-12 || total
-------------------------+-------+-------+-------+-------++-------
 Cast: Foxfire           |     2 |     4 |       |       ||     6
       Fireball          |       |       |     8 |     3 ||    11
       Bolt of Magma     |       |       |     3 |       ||     3
       Conjure Flame     |       |       |       |     1 ||     1
Evoke: Wand              |     2 |     3 |     4 |     1 ||    10
  Use: Potion            |     1 |     2 |     2 |     1 ||     6
       Scroll            |     2 |     1 |       |       ||     3
Armor: Robe              |       |     1 |       |       ||     1
       Ring mail         |       |       |     5 |       ||     5
Dodge: Dodged            |       |     3 |    10 |       ||    13

Table legend:
 A = Non-vault XP
 B = Vault XP
 C = Vault XP percentage of total XP
 D = Non-vault monster count
 E = Vault monster count
 F = Vault count percentage of total count
                 A         B        C        D         E       F
            +---------+---------+-------+---------+---------+-------
      Total |       0 |    4985 | 100.0 |       0 |      20 | 100.0
            +---------+---------+-------+---------+---------+-------
          D |       0 |    4985 | 100.0 |       0 |      20 | 100.0
            +---------+---------+-------+---------+---------+-------
